 Dungeon Crawl Stone Soup version 0.25-a0-875-geaba134f46 (webtiles) character file.

Game seed: 15004035717364201529, levelgen mode: classic

1531 Amnesiac the Frost Mage (level 8, -2/57 HPs)
             Began as a Ghoul Ice Elementalist on May 2, 2020.
             Was a Priest of Vehumet.
             Slain by an orc warrior
             ... wielding a +0 halberd
              (22 damage)
             ... on level 7 of the Dungeon.
             The game lasted 00:14:02 (5704 turns).

Amnesiac the Frost Mage (Ghoul Ice Elementalist)    Turns: 5704, Time: 00:14:03

Health: -2/57      AC: 13    Str: 12    XL:     8   Next: 85%
Magic:  4/14       EV: 11    Int: 12    God:    Vehumet [***...]
Gold:   359        SH:  0    Dex:  9    Spells: 6/17 levels left

rFire    . . .     SeeInvis .   i - +0 trident
rCold    + . .     Gourm    .   (no shield)
rNeg     + + +     Faith    .   f - +0 leather armour
rPois    ∞         Spirit   .   (no helmet)
rElec    .         Reflect  .   v - +0 cloak
rCorr    .         Harm     .   (no gloves)
MR       .....                  (no boots)
Stlth    ++........             (no amulet)
HPRegen  0.00/turn              x - +3 ring of protection
MPRegen  0.14/turn              (no ring)

@: icy armour, frozen ramparts, rotting
A: rotting body, claws 1, carnivore, cold resistance 1, negative energy
resistance 3, inhibited regeneration, torment resistance, unbreathing
a: Renounce Religion


You were on level 7 of the Dungeon.
You worshipped Vehumet.
Vehumet was most pleased with you.
You were not hungry.

You visited 2 branches of the dungeon, and saw 8 of its levels.

You collected 359 gold pieces.

Inventory:

Hand Weapons
 h - a +0 dagger
 i - a +0 trident (weapon)
Missiles
 w - 14 poisoned darts (quivered)
Armour
 f - a +0 leather armour (worn)
 u - a +0 kite shield
 v - a +0 cloak (worn)
Jewellery
 x - a +3 ring of protection (left claw)
Wands
 m - a wand of disintegration (10)
Scrolls
 a - 2 scrolls of identify {!r}
 b - 3 scrolls of teleportation {!r, unknown}
 d - 2 scrolls of enchant weapon {!r, unknown}
 l - 4 scrolls of remove curse {!r}
 p - a scroll of magic mapping {!r, unknown}
 q - a scroll of enchant armour {!r}
 r - a scroll of fog {!r}
 t - a scroll of fear {!r}
Potions
 e - a potion of berserk rage {!q, unknown}
 g - 3 potions of brilliance {!q, unknown}
 j - 2 potions of lignification {!q, unknown}
 k - a potion of curing {!q, unknown}
 n - a potion of mutation {!q, unknown}
 o - a potion of flight {!q, unknown}
Comestibles
 c - 14 rations
 s - 3 chunks of flesh


   Skills:
 + Level 1.9 Dodging
 - Level 3.0 Stealth
 + Level 5.0 Spellcasting
 * Level 9.9 Ice Magic
 - Level 3.0 Evocations


You had 6 spell levels left.
You knew the following spells:

 Your Spells              Type           Power        Failure   Level  Hunger
a - Freeze                Ice            ####         1%          1    None
b - Frozen Ramparts       Ice            ####..       1%          3    ###....
c - Summon Ice Beast      Ice/Summ       ###.....     32%         4    ####...
z - Ozocubu's Armour      Chrm/Ice       ###.....     10%         3    ###....

Your spell library contained the following spells:

 Spells                   Type           Power        Failure   Level  Hunger
 Airstrike                Air            #.........   50%         4    ####...
 Hailstorm                Conj/Ice       ###.....     9%          4    ####...


Dungeon Overview and Level Annotations

Branches:
Dungeon (7/15)             Temple (1/1) D:5

Altars:
Ashenzari
Cheibriados
Dithmenos
Elyvilon
Gozag
Hepliaklqana
Kikubaaqudgha
Nemelex Xobeh
Qazlal
Ru
Trog
Uskayaw
Vehumet
Wu Jian
Zin


Innate Abilities, Weirdness & Mutations

Your body is rotting away.
You thrive on raw meat.
You are immune to poison.
You have sharp fingernails.
You are carnivorous and can eat meat at any time.
Your flesh is cold resistant. (rC+)
You are immune to negative energy. (rN+++)
You do not regenerate when monsters are visible.
You are immune to unholy pain and torment.
You can survive without breathing.


Message History

You can't see any susceptible monsters within range! (Use Z to cast anyway.)
An orc priest comes into view.
Things that are here:
a +0 club; a +0 flail; an orc skeleton There isn't anything to butcher here.
An orc priest is nearby!
Throwing (i - inventory)
w - 17 poisoned darts (quivered)
Press: ? - help, Shift-Dir - straight line, f - orc priest
Aim: an orc priest (hasn't noticed you)
You throw a poisoned dart.
The poisoned dart barely misses the orc priest.
The orc priest shouts!
An orc warrior is nearby!
Casting: Freeze (safe; 1% risk of failure)
Confirm with . or Enter, or press ? or * to list all spells.
The walls around you are covered in ice.
Throwing (i - inventory)
w - 16 poisoned darts (quivered)
Press: ? - help, Shift-Dir - straight line, f/p - orc priest
Aim: an orc priest You throw a poisoned dart.
The poisoned dart hits the orc priest.
The orc priest is poisoned.
The wall freezes the orc warrior.
The wall freezes the orc priest.
The orc priest hits you but does no damage.
The wall freezes the orc warrior.
Casting: Frozen Ramparts (safe; 1% risk of failure)
Confirm with . or Enter, or press ? or * to list all spells.
Aiming: Freeze (safe; 1% risk of failure)
Press: ? - help, Shift-Dir - straight line, f/p - orc priest
Aim: an orc priest (moderately wounded, poisoned)
You freeze the orc priest.
The orc priest is moderately wounded.
The wall freezes the orc priest.
The orc priest hits you but does no damage.
The wall freezes the orc warrior.
The orc warrior hits you from afar with a +0 halberd!
Casting: Freeze (safe; 1% risk of failure)
Confirm with . or Enter, or press ? or * to list all spells.
Aiming: Freeze (safe; 1% risk of failure)
Press: ? - help, Shift-Dir - straight line, f/p - orc priest
Aim: an orc priest (severely wounded, poisoned)
You freeze the orc priest.
You kill the orc priest!
Vehumet accepts your kill.
The wall freezes the orc warrior.
The orc warrior hits you from afar with a +0 halberd.
Throwing (i - inventory)
w - 15 poisoned darts (quivered)
Press: ? - help, Shift-Dir - straight line, f - orc warrior
Aim: an orc warrior, wielding a +0 halberd and wearing a +0 plate armour (moderately wounded)
You throw a poisoned dart. The poisoned dart hits the orc warrior.
The orc warrior is moderately wounded.
The frozen ramparts melt away.
Casting: Freeze (safe; 1% risk of failure)
Confirm with . or Enter, or press ? or * to list all spells.
The walls around you are covered in ice.
The wall freezes the orc warrior.
The orc warrior hits you but does no damage.
The wall freezes the orc warrior.
The orc warrior hits you with a +0 halberd!
* * * LOW HITPOINT WARNING * * *
Casting: Frozen Ramparts (safe; 1% risk of failure)
Confirm with . or Enter, or press ? or * to list all spells.
A film of ice covers your body!
The wall freezes the orc warrior.
The orc warrior hits you with a +0 halberd!!
You die...

............(........
....................^
o.....$..............
....(...!....<.......
......o).............
.......####(.........
####... #........#+
#...####.......##
#......o@..#.#...
.....##....$.#....
... #.#.#....... .
#......#.$. ##...#.#
.. #...#... . #...#
#. #.... ..


You could see an orc warrior.

Vanquished Creatures
  Menkaure (D:6)
  A sky beast (D:6)
  An ice beast (D:5)
  A phantom (D:6)
  A centaur (D:5)
  A water moccasin zombie (D:5)
  A scorpion (D:4)
  2 crimson imps (D:5)
  2 bullfrog zombies
  A bullfrog skeleton (D:6)
  4 orc wizards
  A hound (D:6)
  6 orc priests
  An iguana (D:4)
  3 worker ants
  2 howler monkey skeletons
  6 gnolls (D:3)
  9 adders
  2 shadow imps (D:4)
  2 worms
  3 dart slugs (D:1)
  5 leopard geckos
  18 orcs
  16 giant cockroaches
  10 goblins
  9 hobgoblins
  7 jackals (D:3)
  11 kobolds
  A quokka (D:2)
  10 bats
  7 frilled lizards
  A quokka zombie (D:7)
  4 rats
150 creatures vanquished.

Vanquished Creatures (collateral kills)
  A phantom (D:4)
1 creature vanquished.

Grand Total: 151 creatures vanquished

Notes
Turn   | Place    | Note
-------+----------+-------------------------------------------
     0 | D:1      | Amnesiac the Ghoul Ice Elementalist began the quest for the
                  | Orb.
     0 | D:1      | Reached XP level 1. HP: 14/14 MP: 2/2
   109 | D:1      | Reached XP level 2. HP: 20/20 MP: 0/4
   252 | D:2      | Reached skill level 5 in Ice Magic
   354 | D:4      | Noticed a scorpion
   382 | D:3      | Reached XP level 3. HP: 26/26 MP: 0/5
   387 | D:3      | Learned a level 3 spell: Frozen Ramparts
   458 | D:4      | Killed a scorpion
   458 | D:4      | Reached skill level 6 in Ice Magic
   458 | D:4      | Reached XP level 4. HP: 11/33 MP: 1/7
   509 | D:4      | Reached XP level 5. HP: 23/38 MP: 0/8
   615 | D:4      | Learned a level 4 spell: Summon Ice Beast
   689 | D:4      | You fall into a shaft and drop 2 floors!
   744 | D:6      | Found a hide-covered altar of Uskayaw.
   744 | D:6      | Found a snail-covered altar of Cheibriados.
   746 | D:6      | Noticed an ice beast
   755 | D:6      | Found a faded altar of an unknown god.
   757 | D:6      | Found a shattered altar of Ashenzari.
   758 | D:6      | Found a faded altar of an unknown god.
   786 | D:5      | Entered Level 5 of the Dungeon
   935 | D:5      | Found a staircase to the Ecumenical Temple.
   943 | Temple   | Entered the Ecumenical Temple
   962 | Temple   | Became a worshipper of Vehumet
  1006 | D:5      | Reached XP level 6. HP: 45/45 MP: 4/9
  1073 | D:5      | Found an opulent altar of Gozag.
  1190 | D:4      | Reached skill level 7 in Ice Magic
  1212 | D:4      | Found a hazy altar of Hepliaklqana.
  1247 | D:4      | Found a transporter.
  1289 | D:4      | Reached skill level 1 in Evocations
  1307 | D:4      | Found a transporter.
  1438 | D:4      | Noticed a phantom
  1556 | D:4      | Killed a phantom
  1932 | D:2      | Found a glowing silver altar of Zin.
  1937 | D:2      | Reached * piety under Vehumet
  1937 | D:2      | Offered knowledge of Foxfire by Vehumet.
  2303 | D:1      | Reached XP level 7. HP: 43/50 MP: 5/11
  2951 | D:2      | Found a sacrificial altar of Ru.
  2969 | D:2      | Offered knowledge of Magic Dart by Vehumet.
  3076 | D:2      | Reached ** piety under Vehumet
  3482 | D:3      | Offered knowledge of Inner Flame by Vehumet.
  4034 | D:5      | Reached skill level 8 in Ice Magic
  4162 | D:5      | Reached XP level 8. HP: 44/57 MP: 8/13
  4240 | D:5      | Learned a level 3 spell: Ozocubu's Armour
  4890 | D:6      | Noticed Menkaure
  4918 | D:6      | Killed Menkaure
  4958 | D:6      | Reached *** piety under Vehumet
  4958 | D:6      | Reached skill level 9 in Ice Magic
  5343 | D:6      | Reached skill level 5 in Spellcasting
  5570 | D:6      | Found a sparkling altar of Nemelex Xobeh.
  5671 | D:7      | Offered knowledge of Airstrike by Vehumet.
  5704 | D:7      | Slain by an orc warrior

Levels and vault maps discovered:
D:1:      dpeg_arrival_orchard, layout_loops_cross, minmay_pentomino_r4
D:2:      minmay_roachtagon, layout_loops_ring,
          nicolae_ru_great_annihilating_truth, old_standard_altar, first_ration
D:3:      layout_loops_ring
D:4:      gammafunk_wand_slinger, layout_loops_corners, lemuel_crystal_altar
D:5:      layout_basic, minmay_temple_entry_glassed_door, serial_curves,
          eino_curves_03, eino_curves_01, minmay_fountain_box,
          nicolae_gozag_cash_rules_everything_around_me
D:6:      layout_loops_corners, nemelex_xobeh_ov_fountains_minmay,
          chequers_temple_overflow_minitemple, uniq_menkaure
D:7:      layout_basic, ebering_ghost_inner_flame
Temple:   eino_wide_crystal_templ

Skill      XL: |  1  2  3  4  5  6  7  8 |
---------------+-------------------------+-----
Spellcasting   | 2 3 4 5 |  5.0
Ice Magic      | 5 6 7 8 9 |  9.9
Evocations     | 2 3 |  3.0
Stealth        | 3 |  3.0
Dodging        | |  1.9

Action                   |  1- 3 |  4- 6 |  7- 9 || total
-------------------------+-------+-------+-------++-------
Melee: Unarmed           |    27 |       |       ||    27
       Trident           |    10 |    87 |   266 ||   363
       Dagger            |     1 |       |       ||     1
Throw: Dart              |       |       |     7 ||     7
 Cast: Freeze            |    24 |     6 |    17 ||    47
       Frozen Ramparts   |     1 |    16 |    25 ||    42
       Summon Ice Beast  |       |     1 |       ||     1
       Ozocubu's Armour  |       |       |     4 ||     4
Evoke: Wand              |       |     1 |     8 ||     9
  Use: Scroll            |       |       |     6 ||     6
 Stab: Sleeping          |       |     5 |     5 ||    10
       Paralysed         |       |       |     3 ||     3
  Eat: Chunk             |     6 |    16 |    14 ||    36
Armor: Robe              |     3 |     5 |    48 ||    56
       Leather armour    |       |       |    50 ||    50
Dodge: Dodged            |    43 |    27 |   170 ||   240

Table legend:
 A = Non-vault XP
 B = Vault XP
 C = Vault XP percentage of total XP
 D = Non-vault monster count
 E = Vault monster count
 F = Vault count percentage of total count
                 A         B        C        D         E       F
            +---------+---------+-------+---------+---------+-------
      Total |    1891 |     297 |  13.6 |     132 |      19 |  12.6
            +---------+---------+-------+---------+---------+-------
        D:1 |      39 |       6 |  13.3 |      18 |       2 |  10.0
        D:2 |      30 |      71 |  70.3 |      18 |      13 |  41.9
        D:3 |     198 |       0 |   0.0 |      40 |       0 |   0.0
        D:4 |     348 |      63 |  15.3 |      18 |       3 |  14.3
        D:5 |     600 |       0 |   0.0 |      17 |       0 |   0.0
        D:6 |     593 |     157 |  20.9 |      15 |       1 |   6.2
        D:7 |      83 |       0 |   0.0 |       6 |       0 |   0.0
            +---------+---------+-------+---------+---------+-------
